 Dungeon Crawl Stone Soup version 0.31-a0-1074-g0b22e4e0f1 (webtiles) character file.

Game seed: 9416525752779914421

56 BigPumpCobain the Ruffian (level 3, -6/29 HPs)
             Began as a Draconian Shapeshifter on Dec 4, 2023.
             Mangled by a gnoll
             ... wielding a +0 flail
              (9 damage)
             ... on level 2 of the Dungeon.
             The game lasted 00:01:27 (1097 turns).

BigPumpCobain the Ruffian (Draconian Shapeshifter)  Turns: 1097, Time: 00:01:28

Health: -6/29      AC:  5    Str: 18    XL:     3   Next: 69%
Magic:  3/3        EV: 12    Int: 10    God:
Gold:   31         SH:  0    Dex: 10    Spells: 2/2 levels left

rFire   . .          .
                       - Unarmed
rCold   . . .        (no shield)
rNeg    . . .        (body armour unavailable)
rPois   .            (helmet currently unavailable)
rElec   .            (cloak currently unavailable)
rCorr   .            (gloves currently unavailable)
SInv    .            (boots currently unavailable)
Will    .....        (no amulet)
Stlth   +            (no ring)
HPRegen 0.24/turn    (no ring)
MPRegen 0.08/turn

%: no passive effects
@: beast-form
A: beast (slay +1), AC +5, unfitting armour, cold-blooded
a: Begin Untransformation


You were on level 2 of the Dungeon.
You were a hulking beast.
You visited 1 branch of the dungeon, and saw 2 of its levels.

You collected 31 gold pieces.

Inventory:

Hand Weapons
 i - a +2 dagger of speed
Talismans
 b - a beast talisman
 c - a flux talisman
Scrolls
 g - a scroll of identify {unknown}
 h - a scroll of amnesia {unknown}
Potions
 a - 2 potions of lignification
 d - 2 potions of enlightenment {unknown}
 e - a potion of berserk rage {unknown}
 f - a potion of curing {unknown}
 j - a potion of might {unknown}
 k - 2 potions of invisibility {unknown}


   Skills:
 + Level 2.0 Fighting
 + Level 2.2 Dodging
 * Level 3.7 Unarmed Combat
 + Level 3.3 Shapeshifting


You had 2 spell levels left.
You didn't know any spells.
Your spell library contained the following spells:

 Spells                   Type           Power      Damage    Failure   Level
 Cigotuvi's Dreadful Rot  Necr/Pois/Air  0%         N/A       50%         2
 Ignite Poison            Fire/Tmut/Pois 0%         N/A       75%         3
 Freezing Cloud           Conj/Ice/Air   0%         6-21      100%        5


Dungeon Overview and Level Annotations

Branches:
Dungeon (2/15)

Altars:


Innate Abilities, Weirdness & Mutations

You are a hulking beast.
Your limbs bulge with bestial killing power. (Slay +1)
Your plain brown scales are hard. (AC +5)
You cannot fit into any form of body armour.
You are cold-blooded and may be slowed by cold attacks.


Message History

You are held in a net!
You are held in a net!
You are held in a net!
You are held in a net!
You are held in a net!
You are held in a net!
You are held in a net!
You are held in a net!
You are held in a net!
You are held in a net!
You are held in a net!
You are held in a net!
You are held in a net!
You are held in a net!
You are held in a net!
You are held in a net!
You are held in a net!
You are held in a net!
You struggle against the net.
The gnoll hits you from afar with a +0 spear!
You struggle against the net.
The gnoll hits you but does no damage.
You struggle against the net.
The gnoll hits you from afar with a +0 spear.
You rip the net and break free!
The gnoll throws a throwing net.
The throwing net closely misses you. The gnoll hits you with a +0 spear.
* * * LOW HITPOINT WARNING * * *
Things that are here:
a +0 flail; a gnoll corpse You punch the gnoll!
The gnoll is heavily wounded.
The gnoll hits you with a +0 spear.
* * * LOW HITPOINT WARNING * * *
You punch the gnoll!
You kill the gnoll!
Your Fighting skill increases to level 2!
You barely miss the gnoll. The gnoll hits you with a +0 flail.
* * * LOW HITPOINT WARNING * * *
You closely miss the gnoll. The gnoll hits you with a +0 flail!
You die...

####### #.. ......#
#.# #####.# #.# #.#
#.# ###'###### #.#
###........# #.#
...........# #g#
##........(# #h#
....#...########.#.#
....#..............#
......##########.#.#
......# #.#.#
####### #.# . . #(#
.. ## #.# ## ..#


You could see a gnoll.

Vanquished Creatures
  2 gnolls (D:2)
  2 adders (D:2)
  An orc (D:2)
  A bat (D:1)
  An endoplasm (D:2)
  3 hobgoblins
  2 jackals (D:1)
  A quokka (D:1)
  3 frilled lizards
  2 kobolds (D:1)
  A rat (D:2)
19 creatures vanquished.

Notes
Turn   | Place    | Note
-------+----------+-------------------------------------------
     0 | D:1      | BigPumpCobain the Draconian Shapeshifter began the quest
                  | for the Orb.
     0 | D:1      | Reached XP level 1. HP: 16/16 MP: 1/1
   527 | D:1      | Reached XP level 2. HP: 22/23 MP: 2/2
  1035 | D:2      | Reached XP level 3. HP: 29/29 MP: 3/3
  1097 | D:2      | Mangled by a gnoll

Illustrated notes

Levels and vault maps discovered:
D:1:      lemuel_arrival_river_ford, layout_basic
D:2:      layout_basic, ebering_ecumenical_altar_petrified

Skill      XL: |  1  2  3 |
---------------+----------+-----
Dodging        | 2 |  2.2
Fighting       | 2 |  2.0
Unarmed Combat | |  3.7
Shapeshifting  | |  3.3

Action                     || total
---------------------------++-------
  Melee: Unarmed           ||    62
         Tailslap          ||     6
 Armour: Skin              ||    30
  Dodge: Dodged            ||    43

Table legend: (Time is in decaauts)
 A = Elapsed time spent in this place.
 B = Non-inter-level travel time spent in this place.
 C = Inter-level travel time spent in this place.
 D = Time resting spent in this place.
 E = Time spent auto-exploring this place.
 F = Levels seen in this place.
 G = Mean time per level.
                   A        B        C        D        E       F      G
               +--------+--------+--------+--------+--------+-----+--------+
         Total |   1097 |   1088 |      9 |      0 |    954 |   2 |  548.5 |
       Dungeon |   1097 |   1088 |      9 |      0 |    954 |   2 |  548.5 |
               +--------+--------+--------+--------+--------+-----+--------+

Top non-repeatable levels by time:
     D:1: 879 daAuts
     D:2: 218 daAuts
